General information
- name: BNet
- type: Ladder team game (AT/RT)
- host: Battle.net
- saver: Demandrednooby
map: Monsoon
- players: 6
- length: 33:38
- speed: Fast
- version: 1.24 W3XP
- replay type: Public
» download(167 KB)
Players
team 1 (loser)

»
justforshiiits (
green | 34 APM | 1137 actions | 33:36)
4 Blademaster
2 Wind Walk
2 Critical Strike
» actions
| Assign group hotkey | 9 | |
| Basic commands | 2 | |
| Build / train | 58 | |
| Enter build submenu | 45 | |
| Enter hero's abilities submenu | 4 | |
| Give item / drop item | 4 | |
| Right click | 331 | |
| Select / deselect | 229 | |
| Select group hotkey | 337 | |
| Use ability | 118 | |
1137 total
» units
| Peon | 13 | |
| Tauren | 7 | |
| Troll Witch Doctor | 5 | |
| Shaman | 4 | |
29 total
» upgrades
| Spiked Barricades | 3 | |
| Reinforced Defenses | 1 | |
| Witch Doctor Training | 2 | |
| Pulverize | 1 | |
| Armor | 3 | |
| Shaman Training | 2 | |
12 total
» buildings
| War Mill | 2 | |
| Orc Burrow | 14 | |
| Altar of Storms | 1 | |
| Voodoo Lounge | 1 | |
| Watch Tower | 22 | |
| Stronghold | 1 | |
| Fortress | 1 | |
| Tauren Totem | 1 | |
| Spirit Lodge | 1 | |
44 total
» build order
00:26 War Mill
00:38 Orc Burrow
00:54 Altar of Storms
01:11 Voodoo Lounge
02:06 Watch Tower
02:35 Watch Tower
03:16 Watch Tower
03:47 Watch Tower
04:56 Watch Tower
04:57 Stronghold
05:03 Watch Tower
05:35 Watch Tower
05:51 Watch Tower
06:05 Watch Tower
06:52 Orc Burrow
06:57 Watch Tower
07:07 Watch Tower
07:54 Watch Tower
08:19 Orc Burrow
08:38 Watch Tower
08:58 Fortress
09:14 Orc Burrow
10:03 Watch Tower
10:12 Orc Burrow
10:59 Watch Tower
11:34 Orc Burrow
11:55 Tauren Totem
12:15 War Mill
12:36 Orc Burrow
13:11 Spirit Lodge
13:35 Orc Burrow
14:37 Watch Tower
15:02 Orc Burrow
15:22 Watch Tower
15:58 Watch Tower
16:28 Watch Tower
16:34 Watch Tower
18:09 Watch Tower
19:17 Watch Tower
24:15 Orc Burrow
24:18 Orc Burrow
26:01 Orc Burrow
26:04 Orc Burrow
26:53 Orc Burrow
» items
| Healing Salve | 2 | |
| Lesser Clarity Potion | 3 | |
| Scroll of Speed | 1 | |
| Boots of Speed | 1 | |
| Circlet of Nobility | 1 | |
| Orb of Lightning | 2 | |
10 total
LordDemandred (
purple | 37 APM | 1233 actions | 33:00)
3 Mountain King
2 Storm Bolt
1 Bash
» actions
| Assign group hotkey | 15 | |
| Basic commands | 24 | |
| Build / train | 32 | |
| Enter build submenu | 10 | |
| Enter hero's abilities submenu | 3 | |
| Remove unit from queue | 1 | |
| Right click | 626 | |
| Select / deselect | 346 | |
| Select group hotkey | 116 | |
| Use ability | 59 | |
1233 total
» units
» buildings
| Altar of Kings | 2 | |
| Farm | 5 | |
| Barracks | 1 | |
8 total
» build order
00:17 Altar of Kings
00:29 Farm
00:50 Barracks
01:09 Farm
01:43 Farm
02:19 Farm
05:43 Altar of Kings
06:06 Farm
» items
| Healing Salve | 2 | |
| Lesser Clarity Potion | 2 | |
| Scroll of Speed | 2 | |
| Orb of Lightning | 1 | |
| Staff of Teleportation | 1 | |
8 total
Street-dreams (
yellow | 45 APM | 1455 actions | 32:08)
2 Death Knight
1 Death Coil
1 Unholy Aura
» actions
| Assign group hotkey | 1 | |
| Basic commands | 4 | |
| Build / train | 22 | |
| Enter build submenu | 11 | |
| Enter hero's abilities submenu | 2 | |
| Remove unit from queue | 1 | |
| Right click | 975 | |
| Select / deselect | 362 | |
| Select group hotkey | 50 | |
| Use ability | 27 | |
1455 total
» units
| Acolyte | 4 | |
| Ghoul | 5 | |
| Crypt Fiend | 4 | |
13 total
» buildings
| Crypt | 1 | |
| Ziggurat | 3 | |
| Altar of Darkness | 1 | |
| Graveyard | 2 | |
| Nerubian Tower | 1 | |
| Tomb of Relics | 1 | |
| Halls of the Dead | 1 | |
| Black Citadel | 1 | |
| Spirit Tower | 1 | |
| Necropolis | 1 | |
13 total
» build order
00:10 Crypt
00:15 Ziggurat
00:44 Altar of Darkness
00:58 Ziggurat
01:42 Graveyard
01:45 Graveyard
02:23 Ziggurat
02:24 Nerubian Tower
02:44 Tomb of Relics
03:19 Halls of the Dead
06:09 Black Citadel
07:11 Spirit Tower
09:01 Necropolis
» items
team 2 (winner)
Aeeeliiuunnnnn (
orange | 36 APM | 1201 actions | 33:36)
3 Pandaren Brewmaster
2 Breath of Fire
1 Drunken Brawler
2 Shadow Hunter
1 Hex
1 Healing Wave
1 Tauren Chieftain
1 Endurance Aura
» actions
| Assign group hotkey | 17 | |
| Basic commands | 27 | |
| Build / train | 71 | |
| ESC pressed | 1 | |
| Enter build submenu | 43 | |
| Enter hero's abilities submenu | 6 | |
| Give item / drop item | 1 | |
| Remove unit from queue | 1 | |
| Right click | 521 | |
| Select / deselect | 261 | |
| Select group hotkey | 170 | |
| Use ability | 82 | |
1201 total
» units
» upgrades
| Envenomed Spears | 1 | |
| Liquid Fire | 1 | |
| Pillage | 1 | |
| Backpack | 1 | |
| Ranged Weapons | 1 | |
| Melee Weapons | 0 | |
| Reinforced Defenses | 1 | |
| Armor | 1 | |
| Spiked Barricades | 1 | |
8 total
» buildings
| Altar of Storms | 2 | |
| Orc Burrow | 13 | |
| Voodoo Lounge | 3 | |
| War Mill | 1 | |
| Watch Tower | 9 | |
| Stronghold | 1 | |
| Beastiary | 2 | |
| Fortress | 2 | |
| Great Hall | 1 | |
34 total
» build order
00:05 Altar of Storms
00:08 Orc Burrow
04:10 Voodoo Lounge
04:13 Voodoo Lounge
06:42 Orc Burrow
06:52 Orc Burrow
06:53 Orc Burrow
06:53 Orc Burrow
06:54 Orc Burrow
10:45 Orc Burrow
11:48 Altar of Storms
11:50 War Mill
14:17 Watch Tower
14:25 Watch Tower
15:40 Orc Burrow
15:42 Orc Burrow
16:40 Stronghold
16:58 Watch Tower
17:01 Watch Tower
17:08 Watch Tower
18:16 Watch Tower
18:17 Watch Tower
18:32 Voodoo Lounge
19:52 Beastiary
20:06 Beastiary
21:02 Fortress
21:02 Fortress
21:58 Orc Burrow
21:59 Orc Burrow
23:38 Watch Tower
23:38 Watch Tower
27:23 Orc Burrow
27:24 Orc Burrow
27:41 Great Hall
» items
| Healing Salve | 2 | |
| Lesser Clarity Potion | 2 | |
| Scroll of Speed | 2 | |
| Boots of Speed | 1 | |
| Staff of Teleportation | 1 | |
| Potion of Healing | 1 | |
| Orb of Lightning | 1 | |
10 total
Demandrednooby (
pink | 70 APM | 2366 actions | 33:38)
6 Pandaren Brewmaster
3 Breath of Fire
2 Drunken Brawler
1 Storm Earth and Fire
4 Mountain King
2 Storm Bolt
2 Bash
» actions
| Assign group hotkey | 62 | |
| Basic commands | 116 | |
| Build / train | 78 | |
| ESC pressed | 4 | |
| Enter build submenu | 27 | |
| Enter hero's abilities submenu | 10 | |
| Give item / drop item | 2 | |
| Right click | 872 | |
| Select / deselect | 417 | |
| Select group hotkey | 636 | |
| Use ability | 142 | |
2366 total
» units
| Peasant | 15 | |
| Footman | 7 | |
| Rifleman | 6 | |
| Knight | 2 | |
30 total
» upgrades
| Defend | 1 | |
| Gunpowder | 3 | |
| Long Rifles | 1 | |
| Animal War Training | 1 | |
| Plating | 3 | |
| Masonry | 2 | |
| Swords | 3 | |
| Armor | 2 | |
16 total
» buildings
| Farm | 12 | |
| Barracks | 4 | |
| Altar of Kings | 1 | |
| Blacksmith | 1 | |
| Keep | 1 | |
| Castle | 1 | |
| Arcane Vault | 1 | |
| Town Hall | 2 | |
| Lumber Mill | 1 | |
| Scout Tower | 5 | |
| Arcane Tower | 2 | |
| Guard Tower | 2 | |
33 total
» build order
00:22 Farm
01:00 Barracks
01:02 Barracks
01:04 Barracks
01:06 Barracks
01:10 Farm
01:26 Farm
01:32 Altar of Kings
01:57 Farm
02:06 Blacksmith
02:11 Farm
02:41 Farm
03:12 Keep
03:14 Farm
03:16 Farm
03:51 Farm
03:53 Farm
05:44 Castle
05:47 Farm
05:47 Farm
05:50 Arcane Vault
06:16 Town Hall
10:13 Lumber Mill
12:26 Scout Tower
12:28 Scout Tower
12:29 Scout Tower
12:30 Scout Tower
12:41 Scout Tower
15:04 Arcane Tower
15:05 Arcane Tower
19:27 Guard Tower
26:40 Town Hall
26:48 Guard Tower
» items
| Boots of Speed | 2 | |
| Dust of Appearance | 1 | |
| Scroll of Town Portal | 6 | |
| Scroll of Healing | 2 | |
| Healing Salve | 1 | |
| Scroll of Speed | 1 | |
13 total
number(ONE) (
teal | 45 APM | 1510 actions | 33:36)
6 Pandaren Brewmaster
3 Breath of Fire
2 Drunken Brawler
1 Storm Earth and Fire
2 Shadow Hunter
1 Hex
1 Healing Wave
1 Naga Sea Witch
1 Frost Arrows
» actions
| Assign group hotkey | 28 | |
| Basic commands | 26 | |
| Build / train | 60 | |
| Enter build submenu | 32 | |
| Enter hero's abilities submenu | 9 | |
| Give item / drop item | 6 | |
| Remove unit from queue | 1 | |
| Right click | 797 | |
| Select / deselect | 326 | |
| Select group hotkey | 99 | |
| Use ability | 125 | |
1510 total
» units
| Peon | 16 | |
| Troll Witch Doctor | 3 | |
| Raider | 2 | |
| Wind Rider | 3 | |
24 total
» upgrades
| Witch Doctor Training | 2 | |
| Ensnare | 1 | |
| Envenomed Spears | 1 | |
| Armor | 1 | |
| Ranged Weapons | 1 | |
6 total
» buildings
| Altar of Storms | 1 | |
| Orc Burrow | 8 | |
| War Mill | 1 | |
| Voodoo Lounge | 3 | |
| Barracks | 1 | |
| Watch Tower | 10 | |
| Stronghold | 2 | |
| Fortress | 1 | |
| Spirit Lodge | 2 | |
| Beastiary | 2 | |
| Great Hall | 1 | |
32 total
» build order
00:09 Altar of Storms
00:14 Orc Burrow
11:53 War Mill
11:56 Orc Burrow
11:58 Orc Burrow
12:00 Orc Burrow
12:07 Voodoo Lounge
12:11 Barracks
13:07 Watch Tower
13:08 Watch Tower
13:10 Watch Tower
13:10 Watch Tower
14:29 Stronghold
14:31 Watch Tower
14:32 Watch Tower
14:34 Watch Tower
14:34 Watch Tower
17:45 Fortress
17:48 Spirit Lodge
17:51 Spirit Lodge
17:54 Beastiary
17:57 Beastiary
18:01 Orc Burrow
18:03 Orc Burrow
18:04 Orc Burrow
22:33 Orc Burrow
22:35 Watch Tower
22:36 Watch Tower
24:35 Voodoo Lounge
24:37 Voodoo Lounge
27:49 Great Hall
» items
| Lesser Clarity Potion | 2 | |
| Healing Salve | 1 | |
| Scroll of Speed | 2 | |
| Potion of Mana | 1 | |
| Boots of Speed | 2 | |
| Periapt of Vitality | 1 | |
| Circlet of Nobility | 2 | |
| Potion of Lesser Invulnerability | 2 | |
| Staff of Teleportation | 1 | |
14 total
Chat log
(00:07 / Allies) Demandrednooby: feed
(00:08 / Allies) Demandrednooby: full feed
(00:08 / Allies) Demandrednooby: me
(00:09 / All) LordDemandred: same asian scum
(00:17 / All) Demandrednooby: every time u fight me u kill me?
(00:26 / Allies) Demandrednooby: michael
(00:27 / Allies) Demandrednooby: feed
(00:32 / Allies) Demandrednooby: ur town doesnt matter
(00:34 / Allies) Demandrednooby: feed does
(00:52 / Allies) Demandrednooby: 3x panda
(00:52 / Allies) Demandrednooby: this game
(01:12 / Allies) Demandrednooby: feed
(01:23 / Allies) Demandrednooby: wood
(01:46 / Allies) number(ONE): since when are we asian?
(01:52 / Allies) Demandrednooby: since we raped him
(02:04 / Allies) Demandrednooby: panda
(02:14 / Allies) Aeeeliiuunnnnn: whos gonna get it>
(02:14 / Allies) Demandrednooby: feed
(02:55 / Allies) Demandrednooby: keep feed
(03:03 / All) Demandrednooby: u kill me every time u fight me this game?
(03:07 / All) Demandrednooby: i am nothing?
(03:14 / All) LordDemandred: 3v1
(03:57 / All) Demandrednooby: raped
(04:01 / All) Demandrednooby: Easy win
(04:07 / All) Demandrednooby: like killing a kitten
(04:18 / All) Demandrednooby: your micro are nothing
(04:29 / All) LordDemandred: hell of alot better than yours
(04:48 / All) Demandrednooby: my micro are nothing
(04:53 / Allies) Demandrednooby: feed
(04:55 / All) number(ONE): every time i fight u i kill u
(04:59 / Allies) Demandrednooby: feed
(05:07 / All) number(ONE): all of my army and town you killed doesnt count
(05:07 / All) LordDemandred: u never killed me once
(05:12 / All) Demandrednooby: dumb noob
(05:13 / All) Demandrednooby: 1-0
(05:13 / Allies) Aeeeliiuunnnnn: the racks
(05:14 / All) Demandrednooby: now 2-0
(06:21 / Allies) Aeeeliiuunnnnn: inc my base
(06:30 / Allies) number(ONE): micro ur milz
(06:40 / Allies) number(ONE): 1 footy = 1 milz
(06:44 / Allies) number(ONE): 1 bolt hero = dumb
(06:52 / Allies) Demandrednooby: sec
(08:39 / Allies) Demandrednooby: gold
(08:46 / Allies) Demandrednooby: 100
(09:17 / All) Demandrednooby: u never kill me once u are nothing
(09:33 / All) LordDemandred: first time you have killed anything important of mine
(09:37 / All) Demandrednooby: we raped you last game and 4000 gold spare
(09:39 / All) LordDemandred: i sure slaughtered your crappy bms last game
(09:39 / All) Demandrednooby: 200000*
(09:44 / All) Demandrednooby: stupid noob
(09:46 / All) Demandrednooby: this isnt dota
(09:50 / All) Demandrednooby: u got raped l ast game
(09:52 / All) LordDemandred: and tower some more
(09:55 / All) Demandrednooby: 240 units dead for one bm
(09:58 / All) Demandrednooby: u see towers this game/
(09:59 / All) Demandrednooby: butt noob
(10:02 / All) Demandrednooby: u have towers
(10:03 / All) Demandrednooby: not me
(10:17 / All) LordDemandred: i also saw a tripple fed army and 3 pandas for abuse flame against me alone
(10:22 / All) Demandrednooby: niib
(10:26 / All) Demandrednooby: nooby
(10:32 / Allies) number(ONE): "abuse"
(10:33 / All) LordDemandred: whats that china man?
(10:39 / All) LordDemandred: your a homo?
(10:39 / All) Demandrednooby: lol dumb eurotrash
(10:42 / All) number(ONE): what strategies ARE acceptable to you?
(10:43 / All) Demandrednooby: youre the one that cant speak english
(10:52 / All) number(ONE): make shitty footies, lose them, then spend all my goldo n shitty potions
(10:53 / All) number(ONE): for my hero?
(10:55 / All) LordDemandred: ok there hick
(10:59 / All) Demandrednooby: hick chinese?
(11:43 / Allies) Demandrednooby: build now
(11:45 / Allies) Demandrednooby: tower ur mains too
(11:47 / Allies) Demandrednooby: so he cant bm harss
(12:19 / Allies) number(ONE): who is goign to handle siege?
(12:23 / Allies) Demandrednooby: we have pandas
(12:28 / Allies) number(ONE): oh yeah i forgot
(12:42 / Allies) number(ONE): lets gety the red creeps
(12:51 / Allies) number(ONE): michael dont 1v1 a bm if u can help it
(12:51 / Allies) Demandrednooby: tower up
(13:39 / Allies) Demandrednooby: michael is gonna give them something to gloat about again
(13:48 / Allies) Demandrednooby: tower up
(13:51 / Allies) Aeeeliiuunnnnn: well what can i do about this'>
(13:52 / Allies) number(ONE): michael stop afking
(13:57 / Allies) number(ONE): make woodcutters
(14:00 / Allies) number(ONE): you have open food space
(14:04 / Allies) Aeeeliiuunnnnn: and that saves the panda
(14:05 / Allies) number(ONE): \and make towers
(14:31 / All) LordDemandred: nice surrond
(14:39 / All) Demandrednooby: nice town
(14:56 / All) number(ONE): do you ever think you might be missing out on some bigger picture?
(15:00 / All) number(ONE): considering how you lose all your games?
(15:10 / All) LordDemandred: win all hell of a lot more than you hacker
(15:16 / All) number(ONE): really?
(15:20 / All) number(ONE): youre 0-2 now
(15:28 / All) Demandrednooby: do youlike how we made new names
(15:30 / All) Demandrednooby: to match ayou again
(15:34 / All) Demandrednooby: becase we were sure we would rape you
(15:36 / All) Demandrednooby: on any map?
(15:41 / All) LordDemandred: shows you dont have much going for you this night
(15:44 / All) LordDemandred: or any night
(15:51 / All) number(ONE): yeah
(15:52 / All) number(ONE): not like you
(15:58 / All) Demandrednooby: im at the beach..
(16:09 / All) LordDemandred: i have something you only heard from your parents before
(16:11 / All) LordDemandred: a job
(16:19 / All) number(ONE): this is your job?
(16:25 / All) number(ONE): u might get fired
(16:27 / All) LordDemandred: no fucking your mother is
(16:44 / Allies) Demandrednooby: wood
(17:01 / Allies) number(ONE): get shadow hunter mivchael
(17:05 / Allies) number(ONE): when u can
(17:07 / Allies) number(ONE): and get hex
(19:15 / Allies) number(ONE): cue 3 more woodcuttesr
(19:18 / Allies) number(ONE): full up ass up
(19:41 / Allies) Demandrednooby: go air
(19:44 / Allies) Demandrednooby: mass wyvs both of u
(20:08 / Allies) number(ONE): we should expo in front of his base
(20:13 / Allies) Demandrednooby: or tower him in
(20:18 / Allies) number(ONE): that would eb the same
(20:50 / Allies) Aeeeliiuunnnnn: for a sec i thought my chair was really sticky but its actually a carpet chair type texture
(20:55 / Allies) number(ONE): michael get a tauren chief with aura
(21:34 / Allies) Aeeeliiuunnnnn: he has a footman sitting below my base
(21:39 / All) LordDemandred: lol dont even hide the mh eh
(21:44 / All) Demandrednooby: dumb noob
(21:45 / All) Demandrednooby: 2x raped
(21:47 / Allies) number(ONE): MICHAEL GET MORE BURROWS
(21:59 / All) Demandrednooby: lol
(22:01 / All) Demandrednooby: more towers
(22:03 / All) Demandrednooby: remember last game/
(22:05 / All) Demandrednooby: slow death...
(22:08 / Allies) Demandrednooby: wtf
(22:11 / Allies) Demandrednooby: just mass wyv
(22:14 / Allies) Demandrednooby: i already have 400 land units
(22:16 / Allies) Demandrednooby: vs tarnlust
(22:21 / Allies) Demandrednooby: oh for ensnare
(22:32 / Allies) Aeeeliiuunnnnn: i have some kind of pirate/metal music playing
(22:35 / All) LordDemandred: lol you towered like noobs and got your ass handed every time you fought my mk... then you use some cheap abuse shit
(22:42 / All) LordDemandred: and beat me in a 3v1 congrats your amazing
(22:44 / All) Demandrednooby: noob
(22:46 / All) Demandrednooby: its 3v3
(22:49 / All) Demandrednooby: where was your team?
(22:53 / All) Demandrednooby: jacking off?
(22:55 / All) LordDemandred: idk i was asking the same thing
(23:00 / All) Demandrednooby: LOL
(23:07 / All) number(ONE): go ahead and leave now
(23:24 / Allies) Demandrednooby: rofl
(23:33 / All) LordDemandred: i seem to kill alot more of your heroes than you do mine
(23:44 / All) number(ONE): you want me to send wave after wave of heros to die?
(23:51 / Allies) Demandrednooby: don tdo that
(23:51 / All) number(ONE): i can afford it
(23:56 / All) number(ONE): its too bad this isnt dota
(24:01 / All) LordDemandred: id sure hope you could
(24:02 / All) Demandrednooby: dumb dota noob
(24:16 / All) Demandrednooby: towers noob
(24:31 / Allies) Demandrednooby: get ur readers ready
(24:34 / Allies) Demandrednooby: if he comes that far out agian
(24:39 / All) LordDemandred: keep making more new accounts
(24:43 / All) Demandrednooby: keep losing
(24:45 / All) LordDemandred: you make a new one after you go 2-1?
(24:49 / All) Demandrednooby: ...
(24:52 / All) LordDemandred: i lost 2 games tonight oh no
(24:54 / All) LordDemandred: whatever will Ido
(24:59 / All) Demandrednooby: lose 2 more
(25:00 / All) Demandrednooby: most likely
(25:48 / Allies) Aeeeliiuunnnnn: are my heros moving?
(25:58 / All) LordDemandred: your micro is rather terrible
(25:59 / Allies) Aeeeliiuunnnnn: i never actually see them move
(26:25 / Allies) Demandrednooby: ...
(26:26 / Allies) Demandrednooby: lol
(27:25 / All) Demandrednooby: are you guys gonna search again after this?
(27:26 / All) Demandrednooby: go 0-3?
(27:31 / All) Demandrednooby: or u gonna go lick ur wounds?
(28:06 / Allies) Aeeeliiuunnnnn: my brain is off today
(28:13 / Allies) Demandrednooby: cuz u stayed up all night last night
(28:22 / Allies) Aeeeliiuunnnnn: i keep thinking that my roomates are comming up behind me
(28:30 / Allies) Aeeeliiuunnnnn: theyre all gone ho
(28:32 / Allies) Aeeeliiuunnnnn: tho
(28:43 / Allies) Aeeeliiuunnnnn: look a hero cage
(28:46 / Allies) Aeeeliiuunnnnn: a zoo
(28:53 / All) Demandrednooby: raped
(29:02 / All) number(ONE): now quit
(29:05 / All) LordDemandred: congrats you finally killed my mk and i wasnt even there you must be so proud
(29:06 / Allies) Aeeeliiuunnnnn: cows and pandas
(29:07 / All) Demandrednooby: everytim i foguth you i killed you
(29:09 / All) Demandrednooby: your micro are nothing
(29:11 / Allies) Aeeeliiuunnnnn: see?
(29:12 / All) Demandrednooby: only kill necro
(29:15 / All) LordDemandred: lol hell of a lot better than yours
(29:20 / All) Demandrednooby: only nkill necro
(30:21 / All) Demandrednooby: your micro are nothing
(30:25 / All) Demandrednooby: only kill every buidlilng on map
(30:31 / All) number(ONE): lol
(31:02 / Allies) Demandrednooby: no
(31:04 / Allies) Demandrednooby: keep units back
(31:05 / Allies) Demandrednooby: just use pandas
(31:36 / Allies) Demandrednooby: i going to gank mk
(31:44 / Allies) Demandrednooby: coem wna hex it
(31:45 / Allies) Demandrednooby: come and hex it
(31:47 / Allies) Demandrednooby: when it comes out
(31:50 / Allies) Demandrednooby: gogogto
(32:04 / All) Demandrednooby: LOL
(32:05 / Allies) Demandrednooby: BACK
(32:21 / All) Demandrednooby: TUCK UR LITTLE MK BACK INTO HIS HOLE
(32:24 / All) Demandrednooby: NOT SAFE TO COME OUT
(32:43 / All) Demandrednooby: DUMB FOREIGNERS
(32:51 / All) LordDemandred: yeah nice mh there knew i was at 99% and canceled well you dont deserve to kill him for real.. tower gayperch and then abuse fi
(32:57 / All) LordDemandred: btw im from north america moron
(33:04 / All) Demandrednooby: RAPED
(33:06 / All) Demandrednooby: BRAZIL TRASH DOWN
(33:36 / Allies) Demandrednooby: NAMES RIGHT AWAY AFTER RTHIS